TOP OF THE 1ST |
Chicago Machine batting - Pitching for Madison Bombers : RHP Arthur Green
|
Pitching: RHP Arthur Green
|
|
Batting: RHB Matt Doyle
|
0-0: Ball 1-0: Foul Ball, location: 2F 1-1: Fly out, F3 (Line Drive, 3L)
|
Batting: SHB Edward Bartlett
|
0-0: Called Strike 0-1: Ball 1-1: Ball 2-1: Ball 3-1: Base on Balls
|
Batting: RHB Doug Stephens
|
0-0: Ball 1-0: Ball 2-0: Foul Ball, location: 2F 2-1: Foul Ball, location: 2F 2-2: Ball 3-2: Foul Ball, location: 2F 3-2: Foul Ball, location: 2F 3-2: SINGLE (Groundball, 4MD) Edward Bartlett to second
|
Batting: SHB José Alomar
|
0-0: Foul Ball, location: 2F 0-1: Fly out, F2 (Popup, 34S)
|
Batting: LHB Kiyonaga Morita
|
0-0: Called Strike 0-1: Foul Ball, location: 2F 0-2: Ball 1-2: Ball 2-2: SINGLE (Groundball, 56D) Edward Bartlett to third Doug Stephens to second Runner from 3rd tries for Home, SAFE, no throw
|
Batting: SHB Lee Townsend
|
0-0: Ball 1-0: Ball 2-0: Swinging Strike 2-1: Foul Ball, location: 2F 2-2: SINGLE (Groundball, 4MD) Doug Stephens to third Kiyonaga Morita to second
|
Batting: RHB Lorenzo Guzmán
|
0-0: Ball 1-0: Ball 2-0: Foul Ball, location: 2F 2-1: Ball 3-1: Foul Ball, location: 2F 3-2: Base on Balls Doug Stephens scores Kiyonaga Morita to third Lee Townsend to second
|
Batting: SHB Jesús Ramírez
|
0-0: Swinging Strike 0-1: Ground out U3 (Groundball, 3)
|
Top of the 1st over - 2 run(s), 3 hit(s), 0 error(s), 3 left on base; Chicago 2 - Madison 0 |
BOTTOM OF THE 1ST |
Madison Bombers batting - Pitching for Chicago Machine : RHP Raúl Ruíz
|
Pitching: RHP Raúl Ruíz
|
|
Batting: RHB Juan Costello
|
0-0: SINGLE (Line Drive, 78S)
|
Batting: SHB Jorge Flores
|
0-0: Called Strike 0-1: Foul Ball, location: 2F 0-2: Ball 1-2: Ball 2-2: Ball 3-2: Foul Ball, location: 2F 3-2: SINGLE (Groundball, 34D) Juan Costello to second Runner from 2nd tries for 3rd, SAFE, throw made to third Jorge Flores to second
|
Batting: RHB Sergio Márquez
|
0-0: Called Strike 0-1: Ball 1-1: Ball 2-1: Foul Ball, location: 2F 2-2: Foul Ball, location: 2F 2-2: Strikes out swinging
|
Batting: LHB Mike Callahan
|
0-0: Fly out, F9 (Flyball, 9D) Runner from 3rd tags up, SCORES, no throw Jorge Flores to third
|
Batting: RHB Will Brown
|
0-0: Foul Ball, location: 2F 0-1: Foul Ball, location: 2F 0-2: Ball 1-2: Ball 2-2: Ground out 4-3 (Groundball, 4)
|
Bottom of the 1st over - 1 run(s), 2 hit(s), 0 error(s), 1 left on base; Chicago 2 - Madison 1 |
TOP OF THE 2ND |
Chicago Machine batting - Pitching for Madison Bombers : RHP Arthur Green
|
Batting: SHB Joaquín López
|
0-0: Ball 1-0: Ground out 6-3 (Groundball, 6M)
|
Batting: RHB Matt Doyle
|
0-0: Ball 1-0: Ball 2-0: Called Strike 2-1: Swinging Strike 2-2: Strikes out swinging
|
Batting: SHB Edward Bartlett
|
0-0: Ball 1-0: Called Strike 1-1: Foul Ball, location: 2F 1-2: Ball 2-2: Ground out 4-3 (Groundball, 34)
|
Top of the 2nd over - 0 run(s), 0 hit(s), 0 error(s), 0 left on base; Chicago 2 - Madison 1 |
BOTTOM OF THE 2ND |
Madison Bombers batting - Pitching for Chicago Machine : RHP Raúl Ruíz
|
Batting: SHB Martín Medina
|
0-0: DOUBLE (Line Drive, 8RXD)
|
Batting: LHB John Horton
|
0-0: Ball 1-0: Foul Ball, location: 2F 1-1: Foul Ball, location: 2F 1-2: Fly out, F8 (Flyball, 8LM)
|
Batting: SHB Bob Warren
|
0-0: Ball 1-0: Called Strike 1-1: Ball 2-1: Ball 3-1: Fly out, F7 (Flyball, 78S)
|
Batting: RHB Pablo Gonzáles
|
0-0: Foul Ball, location: 2F 0-1: Foul Ball, location: 2F 0-2: Strikes out looking
|
Bottom of the 2nd over - 0 run(s), 1 hit(s), 0 error(s), 1 left on base; Chicago 2 - Madison 1 |
TOP OF THE 3RD |
Chicago Machine batting - Pitching for Madison Bombers : RHP Arthur Green
|
Batting: RHB Doug Stephens
|
0-0: Ball 1-0: Called Strike 1-1: Called Strike 1-2: Foul Ball, location: 2F 1-2: Ball 2-2: Fly out, F5 (Line Drive, 56)
|
Batting: SHB José Alomar
|
0-0: Ball 1-0: Ball 2-0: Ball 3-0: Base on Balls
|
Batting: LHB Kiyonaga Morita
|
0-0: Ball 1-0: Foul Ball, location: 2F 1-1: Swinging Strike 1-2: Ball 2-2: Ball 3-2: Ground out 1-3 (Groundball, P) José Alomar to second
|
Batting: SHB Lee Townsend
|
0-0: Called Strike 0-1: SINGLE (Line Drive, 6) José Alomar to third Runner from 3rd tries for Home, SAFE, no throw
|
Batting: RHB Lorenzo Guzmán
|
0-0: Ball 1-0: Ball 2-0: Fielders Choice at 2nd, 4-6 (Groundball, 4)
|
Top of the 3rd over - 1 run(s), 1 hit(s), 0 error(s), 0 left on base; Chicago 3 - Madison 1 |
BOTTOM OF THE 3RD |
Madison Bombers batting - Pitching for Chicago Machine : RHP Raúl Ruíz
|
Batting: RHB Juan Costello
|
0-0: Called Strike 0-1: Ball 1-1: Ground out 5-3 (Groundball, 56S)
|
Batting: SHB Jorge Flores
|
0-0: Ball 1-0: Ball 2-0: Fly out, F2 (Popup, P)
|
Batting: RHB Sergio Márquez
|
0-0: Swinging Strike 0-1: Ball 1-1: DOUBLE (Line Drive, 7LM)
|
Batting: LHB Mike Callahan
|
0-0: Ball 1-0: Ground out 4-3 (Groundball, 4M)
|
Bottom of the 3rd over - 0 run(s), 1 hit(s), 0 error(s), 1 left on base; Chicago 3 - Madison 1 |
TOP OF THE 4TH |
Chicago Machine batting - Pitching for Madison Bombers : RHP Arthur Green
|
Batting: SHB Jesús Ramírez
|
0-0: Called Strike 0-1: Ball 1-1: Fly out, F8 (Flyball, 8LM)
|
Batting: SHB Joaquín López
|
0-0: Fly out, F5 (Popup, 5D)
|
Batting: RHB Matt Doyle
|
0-0: Called Strike 0-1: Ball 1-1: Called Strike 1-2: Ball 2-2: Foul Ball, location: 2F 2-2: Foul Ball, location: 2F 2-2: Ball 3-2: Strikes out swinging
|
Top of the 4th over - 0 run(s), 0 hit(s), 0 error(s), 0 left on base; Chicago 3 - Madison 1 |
BOTTOM OF THE 4TH |
Madison Bombers batting - Pitching for Chicago Machine : RHP Raúl Ruíz
|
Batting: RHB Will Brown
|
0-0: Foul Ball, location: 2F 0-1: Called Strike 0-2: Ball 1-2: Foul Ball, location: 2F 1-2: Strikes out swinging
|
Batting: SHB Martín Medina
|
0-0: Ball 1-0: Ground out 5-3 (Groundball, 56S)
|
Batting: LHB John Horton
|
0-0: Fly out, F9 (Line Drive, 9)
|
Bottom of the 4th over - 0 run(s), 0 hit(s), 0 error(s), 0 left on base; Chicago 3 - Madison 1 |
TOP OF THE 5TH |
Chicago Machine batting - Pitching for Madison Bombers : RHP Arthur Green
|
Batting: SHB Edward Bartlett
|
0-0: Ground out 1-3 (Groundball, 15)
|
Batting: RHB Doug Stephens
|
0-0: Ball 1-0: Foul Ball, location: 2F 1-1: SOLO HOME RUN (Line Drive, 7LD), Distance : 365 ft
|
Batting: SHB José Alomar
|
0-0: Ground out 5-3 (Groundball, 2L)
|
Batting: LHB Kiyonaga Morita
|
0-0: Called Strike 0-1: Swinging Strike 0-2: Strikes out swinging
|
Top of the 5th over - 1 run(s), 1 hit(s), 0 error(s), 0 left on base; Chicago 4 - Madison 1 |
BOTTOM OF THE 5TH |
Madison Bombers batting - Pitching for Chicago Machine : RHP Raúl Ruíz
|
Batting: SHB Bob Warren
|
0-0: Ball 1-0: Called Strike 1-1: SINGLE (Groundball, 6MD)
|
Batting: RHB Pablo Gonzáles
|
0-0: Called Strike 0-1: Foul Ball, location: 2F 0-2: Fielders Choice at 2nd, 1-6 (Groundball, P)
|
Batting: RHB Juan Costello
|
0-0: Ball 1-0: DOUBLE (Line Drive, 7D) Pablo Gonzáles to third
|
Batting: SHB Jorge Flores
|
0-0: Fly out, F9 (Flyball, 9S)
|
Batting: RHB Sergio Márquez
|
0-0: Ball 1-0: Called Strike 1-1: Foul Ball, location: 2F 1-2: Ball 2-2: Ball 3-2: SINGLE (Flyball, 9LS) Pablo Gonzáles scores Juan Costello to third Juan Costello scores
|
Batting: LHB Mike Callahan
|
0-0: Ball Sergio Márquez steals 2nd base 1-0: Ball 2-0: Called Strike 2-1: Ball 3-1: Called Strike 3-2: Foul Ball, location: 2F 3-2: SINGLE (Groundball, 4MD) Sergio Márquez to third Sergio Márquez scores
|
Batting: RHB Will Brown
|
0-0: Called Strike 0-1: Ball 1-1: Ball 2-1: Ball 3-1: Called Strike 3-2: Foul Ball, location: 2F 3-2: Base on Balls Mike Callahan to second
|
Batting: SHB Martín Medina
|
0-0: Called Strike 0-1: Ball 1-1: Foul Ball, location: 2F 1-2: Strikes out looking
|
Bottom of the 5th over - 3 run(s), 4 hit(s), 0 error(s), 2 left on base; Chicago 4 - Madison 4 |
TOP OF THE 6TH |
Chicago Machine batting - Pitching for Madison Bombers : RHP Arthur Green
|
Batting: SHB Lee Townsend
|
0-0: SOLO HOME RUN (Flyball, 8RXD), Distance : 415 ft
|
Pitching: LHP Raúl Sandoval
|
|
Batting: RHB Lorenzo Guzmán
|
0-0: Called Strike 0-1: SINGLE (Groundball, 4MS) (infield hit)
|
Batting: SHB Jesús Ramírez
|
0-0: Ball 1-0: Grounds into double play, 6-4-3 (Groundball, 6)
|
Batting: SHB Joaquín López
|
0-0: Ball 1-0: Fly out, F9 (Flyball, 9LD)
|
Top of the 6th over - 1 run(s), 2 hit(s), 0 error(s), 0 left on base; Chicago 5 - Madison 4 |
BOTTOM OF THE 6TH |
Madison Bombers batting - Pitching for Chicago Machine : RHP Raúl Ruíz
|
Pitching: RHP Cory Lowe
|
|
Batting: LHB John Horton
|
0-0: Fly out, F8 (Line Drive, 8RM)
|
Batting: SHB Bob Warren
|
0-0: Called Strike 0-1: Ground out 3-1 (Groundball, 34)
|
Batting: RHB Pablo Gonzáles
|
0-0: Ball 1-0: Ground out 6-3 (Groundball, 6)
|
Bottom of the 6th over - 0 run(s), 0 hit(s), 0 error(s), 0 left on base; Chicago 5 - Madison 4 |
TOP OF THE 7TH |
Chicago Machine batting - Pitching for Madison Bombers : LHP Raúl Sandoval
|
Batting: RHB Matt Doyle
|
0-0: Swinging Strike 0-1: Swinging Strike 0-2: Foul Ball, location: 2F 0-2: Ball 1-2: Foul Ball, location: 2F 1-2: Foul Ball, location: 2F 1-2: Ball 2-2: Strikes out swinging
|
Batting: SHB Edward Bartlett
|
0-0: Called Strike 0-1: Ground out 6-3 (Groundball, 6)
|
Batting: RHB Doug Stephens
|
0-0: Swinging Strike 0-1: Ball 1-1: SOLO HOME RUN (Flyball, 7D), Distance : 383 ft
|
Batting: SHB José Alomar
|
0-0: Ball 1-0: Ball 2-0: Ball 3-0: Fly out, F9 (Flyball, 9S)
|
Top of the 7th over - 1 run(s), 1 hit(s), 0 error(s), 0 left on base; Chicago 6 - Madison 4 |
BOTTOM OF THE 7TH |
Madison Bombers batting - Pitching for Chicago Machine : RHP Cory Lowe
|
Batting: RHB Juan Costello
|
0-0: Foul Ball, location: 2F 0-1: Foul Ball, location: 2F 0-2: Foul Ball, location: 2F 0-2: Ball 1-2: Ball 2-2: SINGLE (Line Drive, 4M)
|
Batting: SHB Jorge Flores
|
0-0: Sac Bunt - play at first, batter OUT! 5-3 Juan Costello to second
|
Batting: RHB Sergio Márquez
|
0-0: Called Strike Juan Costello steals 3rd base 0-1: Ball 1-1: Ball 2-1: Foul Ball, location: 2F 2-2: Ball 3-2: Fly out, F9 (Flyball, 9S)
|
Batting: LHB Mike Callahan
|
0-0: Foul Ball, location: 2F 0-1: Swinging Strike 0-2: Foul Ball, location: 2F 0-2: Ball 1-2: Strikes out swinging
|
Bottom of the 7th over - 0 run(s), 1 hit(s), 0 error(s), 1 left on base; Chicago 6 - Madison 4 |
TOP OF THE 8TH |
Chicago Machine batting - Pitching for Madison Bombers : LHP Raúl Sandoval
|
Batting: LHB Kiyonaga Morita
|
0-0: Called Strike 0-1: Foul Ball, location: 2F 0-2: Ball 1-2: Foul Ball, location: 2F 1-2: Ball 2-2: Ball 3-2: Foul Ball, location: 2F 3-2: Foul Ball, location: 2F 3-2: Foul Ball, location: 2F 3-2: Base on Balls
|
Batting: SHB Lee Townsend
|
0-0: Called Strike 0-1: SINGLE (Line Drive, 56D) Kiyonaga Morita to second
|
Batting: RHB Lorenzo Guzmán
|
0-0: Swinging Strike 0-1: Foul Ball, location: 2F 0-2: Strikes out swinging
|
Pinch Hitting: RHB Roberto Cardona
|
0-0: Ball 1-0: Ball 2-0: Foul Ball, location: 2F 2-1: Ball 3-1: Called Strike 3-2: Foul Ball, location: 2F 3-2: Strikes out swinging
|
Batting: SHB Joaquín López
|
0-0: Ball 1-0: Swinging Strike 1-1: Foul Ball, location: 2F 1-2: Ball 2-2: Foul Ball, location: 2F 2-2: Ball 3-2: Ground out 6-3 (Groundball, 56)
|
Top of the 8th over - 0 run(s), 1 hit(s), 0 error(s), 2 left on base; Chicago 6 - Madison 4 |
BOTTOM OF THE 8TH |
Madison Bombers batting - Pitching for Chicago Machine : RHP Cory Lowe
|
Now at 3B: Luis Martínez
|
|
Batting: RHB Will Brown
|
0-0: Swinging Strike 0-1: Called Strike 0-2: Ball 1-2: Ball 2-2: Ball 3-2: Strikes out swinging
|
Pitching: LHP Austin Wall
|
|
Batting: SHB Martín Medina
|
0-0: Called Strike 0-1: Fly out, F4 (Popup, 34D)
|
Batting: LHB John Horton
|
0-0: Called Strike 0-1: Ball 1-1: Foul Ball, location: 2F 1-2: Ground out 3-1 (Groundball, 34)
|
Bottom of the 8th over - 0 run(s), 0 hit(s), 0 error(s), 0 left on base; Chicago 6 - Madison 4 |
TOP OF THE 9TH |
Chicago Machine batting - Pitching for Madison Bombers : LHP Raúl Sandoval
|
Pitching: RHP José García
|
|
Batting: RHB Matt Doyle
|
0-0: Ball 1-0: Ball 2-0: Swinging Strike 2-1: Foul Ball, location: 2F 2-2: SINGLE (Groundball, 34D)
|
Batting: SHB Edward Bartlett
|
0-0: Bunted foul 0-1: Sac Bunt - play at first, batter OUT! 1-4 Matt Doyle to second
|
Batting: RHB Doug Stephens
|
0-0: Called Strike 0-1: Ball 1-1: Ball 2-1: Called Strike 2-2: Ball 3-2: Base on Balls
|
Batting: SHB José Alomar
|
0-0: Ball 1-0: Called Strike 1-1: Ground out 5-3 (Groundball, 56S) Matt Doyle to third Doug Stephens to second
|
Pitching: LHP Dave Carbone
|
|
Batting: LHB Kiyonaga Morita
|
0-0: Ball 1-0: Ground out U3 (Groundball, 3)
|
Top of the 9th over - 0 run(s), 1 hit(s), 0 error(s), 2 left on base; Chicago 6 - Madison 4 |
BOTTOM OF THE 9TH |
Madison Bombers batting - Pitching for Chicago Machine : LHP Austin Wall
|
Pitching: RHP Víctor Reyes
|
|
Batting: SHB Bob Warren
|
0-0: Ball 1-0: Ball 2-0: SOLO HOME RUN (Line Drive, 9LD), Distance : 349 ft
|
Pinch Hitting: RHB John Denton
|
0-0: Called Strike 0-1: Foul Ball, location: 2F 0-2: Fly out, F8 (Line Drive, 8RD)
|
Batting: RHB Juan Costello
|
0-0: Ball 1-0: Called Strike 1-1: Swinging Strike 1-2: Foul Ball, location: 2F 1-2: Ball 2-2: Ground out 6-3 (Groundball, 6MD)
|
Batting: SHB Jorge Flores
|
0-0: SINGLE (Line Drive, 56)
|
Batting: RHB Sergio Márquez
|
0-0: Called Strike 0-1: Called Strike 0-2: Ball 1-2: Strikes out swinging
|
Bottom of the 9th over - 1 run(s), 2 hit(s), 0 error(s), 1 left on base; Chicago 6 - Madison 5 |
|